 Dungeon Crawl Stone Soup version 0.18-a0-1718-g40ea4b6 (webtiles) character file.

164 George the Skirmisher (level 5, -2/43 HPs)
             Began as a Formicid Fighter on Apr 8, 2016.
             Slain by Ijustatesigmund's ghost (11 damage)
             ... on level 4 of the Dungeon.
             The game lasted 00:05:31 (3157 turns).

George the Skirmisher (Formicid Fighter)            Turns: 3157, Time: 00:05:32

Health: -2/43      AC:  7    Str: 22    XL:     5   Next: 73%
Magic:  5/5        EV:  3    Int:  7    God:
Gold:   135        SH:  9    Dex: 10    Spells: 0 memorised, 4 levels left

rFire  . . .     SeeInvis +     n - -2 rapier (curse)
rCold  . . .     Gourm    .     b - +0 scale mail
rNeg   . . .     Faith    .     c - +0 shield
rPois  .         Spirit   .     (helmet unavailable)
rElec  .         Dismiss  .     (no cloak)
rCorr  .         Reflect  .     (no gloves)
SustAt .         Harm     .     (no boots)
MR     .....                    (no amulet)
Stlth  ..........               (no ring)
                                (no ring)

@: not resistant to hostile enchantments, extremely unstealthy
A: permanent stasis, dig shafts and tunnels, four strong arms, antennae 3
a: Dig, Shaft Self


You were on level 4 of the Dungeon.
You were not hungry.

You visited 1 branch of the dungeon, and saw 4 of its levels.

You collected 135 gold pieces.

Inventory:

Hand Weapons
 a - a +1 long sword
 n - a cursed -2 rapier (weapon)
Armour
 b - a +0 scale mail (worn)
 c - a +0 shield (worn)
Scrolls
 i - a scroll of enchant weapon
 m - 2 scrolls of magic mapping
 x - a scroll of recharging
Potions
 d - a potion of might
 j - a potion of lignification
 p - 2 potions of cancellation
 s - 4 potions of curing
 t - a potion of heal wounds {unknown}
 u - a potion of berserk rage {unknown}
Comestibles
 f - 3 bread rations
 k - a slice of pizza
 l - 2 fruits
 o - 2 meat rations
 r - a beef jerky
 w - 2 chunks of flesh


   Skills:
 + Level 4.4 Fighting
 + Level 3.3 Long Blades
 + Level 4.3 Armour
 + Level 4.4 Shields


You had 4 spell levels left.
You didn't know any spells.

Dungeon Overview and Level Annotations

Branches:
Dungeon (4/15)
 Temple: D:4-7

Altars:
Zin

Annotations:
D:4 Ijustatesigmund's ghost, novice OgHu


Innate Abilities, Weirdness & Mutations

You are under a permanent stasis effect.
You can dig through walls and to a lower floor.
Your four strong arms can wield two-handed weapons with a shield.
You have a pair of large antennae on your head (SInv).


Message History

You puncture the giant gecko skeleton!
The giant gecko skeleton barely misses you.
You block the giant gecko skeleton's attack.
You hit the giant gecko skeleton.
You destroy the giant gecko skeleton!
No target in view!
No target in view!
s - 4 potions of curing (gained 1) Ijustatesigmund's ghost turns its malevolent gaze towards you.
You block Ijustatesigmund's ghost's attack.
There is a stone staircase leading up, spattered with blood here.
You barely miss Ijustatesigmund's ghost.
Ijustatesigmund's ghost hits you.
You closely miss Ijustatesigmund's ghost.
You block Ijustatesigmund's ghost's attack.
Ijustatesigmund's ghost hits you!!
Ouch! That really hurt!
* * * LOW HITPOINT WARNING * * *
Ijustatesigmund's ghost hits you!
You die...

#.# #.###########
#.##########...........#
#.#....................#
##.#.############.......#
(.......................#
...#.####..##..#........#
♣♣.#.# #..##..#........#
P♣♣#.# #..##..#........#
..♣#)# #...#..W@.......#
..♣#)####.#.##.##.......#
.♣♣#....................#
♣♣♣######...##.#........#
♣♣......#......#........#
♣.....#.#...##.#.#.######
#####.#.#......#.#.#
........#....#.#.#.#
#####.########.#.#


You could see Ijustatesigmund's ghost.

Vanquished Creatures
  5 adders
  3 gnolls (D:4)
  3 worms
  2 giant geckos
  An orc (D:3)
  9 bats
  3 giant cockroaches
  11 hobgoblins
  2 jackals (D:2)
  3 quokkas
  2 ball pythons (D:1)
  A giant gecko skeleton (D:4)
  9 giant newts
  7 goblins
  6 kobolds
  12 rats
79 creatures vanquished.

Notes
Turn   | Place    | Note
--------------------------------------------------------------
     0 | D:1      | George the Formicid Fighter began the quest for the Orb.
     0 | D:1      | Reached XP level 1. HP: 18/18 MP: 1/1
   189 | D:1      | Reached XP level 2. HP: 22/24 MP: 2/2
   445 | D:1      | Reached XP level 3. HP: 29/29 MP: 3/3
   913 | D:2      | Reached XP level 4. HP: 36/36 MP: 4/4
  1772 | D:3      | Found a glowing silver altar of Zin.
  1803 | D:3      | Reached XP level 5. HP: 26/42 MP: 5/5
  2408 | D:4      | Noticed Ijustatesigmund's ghost (novice OgHu)
  3157 | D:4      | Slain by Ijustatesigmund's ghost

Vault maps used:
D:1:      onia_arrival_larder
D:3:      overflow_temple_1_default, lemuel_old_faithful
D:4:      serial_forest, infiniplex_forest_straight_5,
          infiniplex_forest_lined_1, infiniplex_forest_clump_small,
          infiniplex_forest_end_2, infiniplex_forest_side_room,
          infiniplex_forest_lined_1, infiniplex_forest_clump_double,
          infiniplex_forest_clump_medium, led_sif_pool

Skill      XL: |  1  2  3  4 |
---------------+-------------+-----
Shields        | 4 |  4.4
Long Blades    | 3 |  3.3
Armour         | 4 |  4.3
Fighting       | 4 |  4.4

Action                   |  1- 3 |  4- 6 || total
-------------------------+-------+-------++-------
Melee: Long sword        |   142 |   179 ||   321
       Rapier            |       |    15 ||    15
 Abil: Dig               |       |     1 ||     1
  Use: Scroll            |       |    10 ||    10
  Eat: Chunk             |       |     8 ||     8
